 Dungeon Crawl Stone Soup version 0.30-a0-172-gc5509c9e31 (webtiles) character file.

Game seed: 7407156058761172251

43 KennySheep the Trooper (level 3, 0/37 HPs)
             Began as an Ogre Gladiator on Oct 2, 2022.
             Succumbed to an adder's poison
             ... on level 2 of the Dungeon.
             The game lasted 00:03:00 (1082 turns).

KennySheep the Trooper (Ogre Gladiator)             Turns: 1082, Time: 00:03:00

Health: 0/37       AC:  3    Str: 20    XL:     3   Next: 58%
Magic:  3/3        EV: 10    Int:  9    God:
Gold:   51         SH:  0    Dex: 10    Spells: 2/2 levels left

rFire   + . .      SeeInvis .    a - +0 flail
rCold   + . .      Faith    .    (no shield)
rNeg    . . .      Spirit   .    b - +0 robe
rPois   +          Reflect  .    c - +0 hat
rElec   +          Harm     .    (no cloak)
rCorr   +          Rampage  .    (gloves unavailable)
Will    .....                    (boots unavailable)
Stlth   +.........               (no amulet)
HPRegen 0.26/turn                (no ring)
MPRegen 0.08/turn                (no ring)

@: mighty, lethally poisoned (0 -> -7), resistant
A: large, unfitting armour, tough skin 1
a: no special abilities


You were on level 2 of the Dungeon.
You visited 1 branch of the dungeon, and saw 2 of its levels.

You collected 51 gold pieces.

Inventory:

Hand Weapons
 a - a +0 flail (weapon)
Missiles
 d - 3 throwing nets (quivered)
 e - a large rock
Armour
 b - a +0 robe (worn)
 c - a +0 hat (worn)
Scrolls
 h - 3 scrolls of identify
 i - a scroll of enchant armour {unknown}
 j - a scroll of silence {unknown}
 k - a scroll of magic mapping {unknown}
Potions
 l - a potion of might


   Skills:
 + Level 3.3 Fighting
 * Level 3.3 Maces & Flails
 + Level 2.4 Throwing
 + Level 3.0 Dodging


You had 2 spell levels left.
You didn't know any spells.
Your spell library contained the following spells:

 Spells                   Type           Power      Damage    Failure   Level
 Necrotise                Necr           0%         1d4       38%         1
 Ignite Poison            Fire/Tmut/Pois 0%         N/A       77%         3
 Kindle Blastsparks       Fire/Tloc/Air  0%         2d10      77%         3
 Mephitic Cloud           Conj/Pois/Air  0%         N/A       77%         3
 Vampiric Draining        Necr           0%         2d6       77%         3
 Agony                    Necr           0%         N/A       100%        5
 Freezing Cloud           Conj/Ice/Air   0%         6-21      100%        5


Dungeon Overview and Level Annotations

Branches:
Dungeon (2/15)

Altars:

Shops:
D:1 =

Annotations:
D:2 Natasha


Innate Abilities, Weirdness & Mutations

You are too large for most types of armour.
You have tough skin. (AC +1)


Message History

The bat skeleton hits you.
* * * LOW HITPOINT WARNING * * *
Your surroundings suddenly seem different.
An adder comes into view.
Found 10 gold pieces.
The adder hisses angrily.
You miss the adder.
The adder bites you but does no damage. x2
You barely miss the adder. The adder closely misses you.
The adder bites you but does no damage.
You barely miss the adder. The adder bites you but does no damage.
You closely miss the adder. The adder bites you.
* * * LOW HITPOINT WARNING * * *
The adder bites you but does no damage.
You closely miss the adder. The adder bites you but does no damage.
You closely miss the adder. The adder bites you but does no damage.
The adder closely misses you.
You barely miss the adder. You punch the adder.
The adder is lightly wounded.
The adder closely misses you. The adder bites you.
* * * LOW HITPOINT WARNING * * *
You are poisoned.
The adder poisons you!
You hit the adder.
The adder is severely wounded.
You feel sick. The adder completely misses you.
You hit the adder but do no damage.
The adder is severely wounded.
You feel sick. The adder barely misses you. The adder bites you.
* * * LOW HITPOINT WARNING * * *
You are lethally poisoned!
The adder poisons you!
It was a potion of might.
You feel very mighty all of a sudden.
* * * LOW HITPOINT WARNING * * *
You feel very sick. The adder closely misses you.
Okay, then.
Okay, then.
You feel protected.
You die...

# #.
#####.####
#........#
#........#
#........#
##........###
..........S@+
#........###
#........#
#........#
#.$......#
#####.#### #.
#. #.


You could see an adder.

Vanquished Creatures
  An adder (D:2)
  6 endoplasms
  2 giant cockroaches
  3 goblins
  2 hobgoblins (D:1)
  4 kobolds (D:1)
  3 ball pythons
  7 bats
  A frilled lizard (D:1)
  4 rats (D:1)
33 creatures vanquished.

Vanquished Creatures (others)
  19 withered plants (D:2)
19 creatures vanquished.

Grand Total: 52 creatures vanquished

Notes
Turn   | Place    | Note
-------+----------+-------------------------------------------
     0 | D:1      | KennySheep the Ogre Gladiator began the quest for the Orb.
     0 | D:1      | Reached XP level 1. HP: 22/22 MP: 1/1
   108 | D:1      | Found Seiwekum's Jewellery Shoppe.
   184 | D:1      | Found a faded altar of an unknown god.
   188 | D:1      | Reached XP level 2. HP: 25/29 MP: 2/2
   504 | D:1      | Reached XP level 3. HP: 36/37 MP: 3/3
  1051 | D:2      | Noticed Natasha
  1053 | D:2      | Found the +4 dagger "Morg" {pain, Will+ Int+5}
  1082 | D:2      | Succumbed to an adder's poison

Illustrated notes

Levels and vault maps discovered:
D:1:      minmay_arrival_hallway, layout_basic, ebering_ecumenical_altar_mist,
          serial_shops, shop, minmay_misc_feat_square, feat_on_display
D:2:      layout_loops_corners, dilly_guarded_unrand_morg, uniq_sigmund,
          uniq_natasha

Skill      XL: |  1  2  3 |
---------------+----------+-----
Fighting       | 3 |  3.3
Maces & Flails | 3 |  3.3
Dodging        | 3 |  3.0
Throwing       | |  2.4

Action                   || total
-------------------------++-------
Melee: Flail             ||   115
       Punch             ||     1
  Use: Scroll            ||     3
       Potion            ||     2
Armor: Robe              ||    77
Dodge: Dodged            ||    92

Table legend: (Time is in decaauts)
 A = Elapsed time spent in this place.
 B = Non-inter-level travel time spent in this place.
 C = Inter-level travel time spent in this place.
 D = Time resting spent in this place.
 E = Time spent auto-exploring this place.
 F = Levels seen in this place.
 G = Mean time per level.
                   A        B        C        D        E       F      G
               +--------+--------+--------+--------+--------+-----+--------+
         Total |   1109 |   1037 |     72 |      0 |    762 |   2 |  554.5 |
       Dungeon |   1109 |   1037 |     72 |      0 |    762 |   2 |  554.5 |
               +--------+--------+--------+--------+--------+-----+--------+

Top non-repeatable levels by time:
     D:1: 675 daAuts
     D:2: 434 daAuts
